 Dungeon Crawl Stone Soup version 0.26-a0-639-g72c4674329 (webtiles) character file.

Game seed: 12889686781202122451

1762072 Apogee the Slayer (level 25, 244/253 HPs)
             Began as a Minotaur Berserker on Sept 16, 2020.
             Was the Champion of Trog.
             Escaped with the Orb
             ... and 3 runes!
             The game lasted 01:37:11 (59939 turns).

Apogee the Slayer (Minotaur Berserker)             Turns: 59939, Time: 01:37:11

Health: 244/253    AC: 39    Str: 30    XL:     25   Next: 42%
Magic:  22/22      EV: 14    Int:  6    God:    Trog [******]
Gold:   4022       SH: 33    Dex: 10    Spells: 24/24 levels left

rFire    + + .     SeeInvis +   b - +5 broad axe (vorpal)
rCold    + + .     Faith    .   E - +2 tower shield
rNeg     + . .     Spirit   .   i - +5 gold dragon scales
rPois    +         Reflect  +   Z - +1 hat
rElec    +         Harm     .   J - scarf {rC+ rF+}
rCorr    .         Rampage  .   k - +2 pair of gloves
MR       +....                  R - +1 pair of boots
Stlth    ..........             T - amulet "Huabune" {Reflect rElec SH+5}
HPRegen  0.52/turn              U - ring "Romoosa" {rN+ AC+4 Int+4 Slay+4}
MPRegen  0.18/turn              z - ring of see invisible

@: no status effects
A: retaliatory headbutt, horns 2, clumsy 1, dopey 2, sense surroundings 1
0: Orb of Zot
}: 3/15 runes: serpentine, barnacled, slimy
a: Berserk, Trog's Hand, Brothers in Arms, Renounce Religion


You escaped.
You worshipped Trog.
Trog was exalted by your worship.
You visited 9 branches of the dungeon, and saw 47 of its levels.
You also visited: Bailey and Volcano.

You collected 5288 gold pieces.
You spent 1266 gold pieces at shops.

Inventory:

Hand Weapons
 b - a +5 vorpal broad axe (weapon)
   (Trog gifted it to you on level 1 of the Orcish Mines)
Missiles
 n - 49 javelins (quivered)
 o - 2 throwing nets {!f}
 P - 8 curare-tipped darts {!f}
 Y - 27 silver boomerangs
Armour
 i - +5 gold dragon scales (worn)
   (You found it on level 4 of the Depths)
 k - a +2 pair of gloves (worn)
   (You found it on level 7 of the Dungeon)
 E - a +2 tower shield (worn)
   (You took it off a vault guard on level 14 of the Dungeon)
 J - a scarf of resistance (worn)
   (You acquired it on level 13 of the Dungeon)
 R - a +1 pair of boots (worn)
   (You found it on level 5 of the Pits of Slime)
 Z - a +1 hat (worn)
   (You found it on level 2 of the Lair of Beasts)
Jewellery
 a - an uncursed ring of poison resistance
   (You bought it in a shop on level 2 of the Orcish Mines)
 l - an uncursed ring of protection from magic
   (You found it on level 3 of the Dungeon)
 q - an uncursed ring of wizardry {unknown}
   (You found it on level 2 of the Realm of Zot)
 u - an uncursed ring of resist corrosion
   (You bought it in a shop on level 2 of the Orcish Mines)
 y - an uncursed ring of flight
   (You found it on level 3 of the Dungeon)
 z - a ring of see invisible (right hand)
   (You found it on level 1 of the Dungeon)
 B - an uncursed ring of fire
   (You found it on level 4 of the Dungeon)
 T - the amulet "Huabune" (around neck) {Reflect rElec SH+5}
   (You bought it in a shop on level 2 of the Orcish Mines)

   [amulet of reflection]

   It shields you and reflects attacks.
   It insulates you from electricity.
   It affects your SH (+5).
 U - the ring "Romoosa" (left hand) {rN+ AC+4 Int+4 Slay+4}
   (You found it on level 4 of the Shoals)

   [ring of protection]

   It affects your AC (+4).
   It affects your intelligence (+4).
   It affects your accuracy and damage with ranged weapons and melee attacks
   (+4).
   It protects you from negative energy.
 X - a +4 ring of evasion
   (You found it on level 2 of the Lair of Beasts)
Wands
 c - a wand of disintegration (8)
   (You found it on level 2 of the Realm of Zot)
 v - a wand of digging (2)
   (You took it off Maurice on level 2 of the Orcish Mines)
 x - a wand of acid (46)
   (You found it on level 3 of the Lair of Beasts)
Scrolls
 d - 10 scrolls of identify {@r1}
 e - 2 scrolls of silence
 g - 5 scrolls of immolation {!r}
 j - 3 scrolls of magic mapping
 m - 4 scrolls of holy word
 r - 4 scrolls of summoning
 A - 12 scrolls of teleportation {@r4}
 C - 22 scrolls of remove curse {@r2}
 D - 8 scrolls of fear
 H - a scroll of blinking
 M - 2 scrolls of vulnerability {!r}
 S - 9 scrolls of enchant weapon
 V - a scroll of brand weapon
 W - 8 scrolls of fog
Potions
 f - 12 potions of lignification {!q}
 h - a potion of haste {@q3}
 p - 4 potions of invisibility
 s - 11 potions of might
 F - 5 potions of heal wounds {@q2}
 I - 2 potions of cancellation
 K - 2 potions of resistance
 N - 8 potions of curing {@q1}
Miscellaneous
 G - a phantom mirror
   (You found it on level 6 of the Lair of Beasts)
 Q - a condenser vane (2/2)
   (You found it on level 4 of the Shoals)


   Skills:
 + Level 25.9 Fighting
 - Level 18.0 Axes
 + Level 15.2 Throwing
 - Level 20.0 Armour
 + Level 19.7 Dodging
 - Level 25.0 Shields


You had 24 spell levels left.
You didn't know any spells.
Your spell library contained the following spells:

 Spells                   Type           Power        Failure   Level
 Animate Skeleton         Necr           #.....       99%         1
 Apportation              Tloc           #.....       99%         1
 Corona                   Hex            #......      99%         1
 Foxfire                  Conj/Fire      #...         99%         1
 Sandblast                Erth           #.....       99%         1
 Summon Small Mammal      Summ           #...         99%         1
 Blink                    Tloc           N/A          100%        2
 Call Imp                 Summ           #.......     100%        2
 Corpse Rot               Necr/Air       N/A          100%        2
 Ensorcelled Hibernation  Hex/Ice        #.....       100%        2
 Passwall                 Tmut/Erth      #.......     100%        2
 Slow                     Hex            #.......     100%        2
 Sublimation of Blood     Necr           #.........   100%        2
 Swiftness                Air            #.......     100%        2
 Call Canine Familiar     Summ           #.......     100%        3
 Confusing Touch          Hex            #.......     100%        3
 Conjure Flame            Conj/Fire      #.......     100%        3
 Dazzling Flash           Conj/Hex       #.....       100%        3
 Gell's Gravitas          Tloc           #.........   100%        3
 Inner Flame              Hex/Fire       #.......     100%        3
 Lesser Beckoning         Tloc           #.........   100%        3
 Portal Projectile        Hex/Tloc       #.....       100%        3
 Stone Arrow              Conj/Erth      #.....       100%        3
 Summon Guardian Golem    Hex/Summ       #.......     100%        3
 Teleport Other           Tloc           #.......     100%        3
 Tukima's Dance           Hex            #.......     100%        3
 Cause Fear               Hex            #.........   100%        4
 Dispel Undead            Necr           #.......     100%        4
 Leda's Liquefaction      Hex/Erth       #.........   100%        4
 Passage of Golubria      Tloc           N/A          100%        4
 Petrify                  Tmut/Erth      #.......     100%        4
 Sticky Flame             Conj/Fire      #.......     100%        4
 Summon Ice Beast         Ice/Summ       #.......     100%        4
 Summon Lightning Spire   Summ/Air       #.......     100%        4
 Agony                    Necr           #.......     100%        5
 Alistair's Intoxication  Tmut/Pois      #........    100%        5
 Bolt of Magma            Conj/Fire/Erth #.........   100%        5
 Excruciating Wounds      Necr           #.........   100%        5
 Fireball                 Conj/Fire      #.........   100%        5
 Iskenderun's Battlesphe  Conj           #.......     100%        5
 Lee's Rapid Deconstruct  Erth           #.........   100%        5
 Metabolic Englaciation   Hex/Ice        #.........   100%        5
 Silence                  Hex/Air        #.........   100%        5
 Yara's Violent Unravell  Hex/Tmut       #.........   100%        5
 Conjure Ball Lightning   Conj/Air       #.........   100%        6
 Invisibility             Hex            #.......     100%        6
 Iron Shot                Conj/Erth      #.........   100%        6
 Haunt                    Necr/Summ      #.........   100%        7
 Malign Gateway           Summ/Tloc      #.........   100%        7
 Monstrous Menagerie      Summ           #.........   100%        7
 Orb of Destruction       Conj           #.........   100%        7
 Spellforged Servitor     Conj/Summ      #.........   100%        7
 Summon Greater Demon     Summ           #.........   100%        7
 Borgnjor's Revivificati  Necr           #.........   100%        8
 Infestation              Necr           #.........   100%        8
 Necromutation            Tmut/Necr      #.........   100%        8
 Summon Horrible Things   Summ           #.........   100%        8
 Death's Door             Necr           #.........   100%        9
 Tornado                  Air            #.........   100%        9


Dungeon Overview and Level Annotations

Branches:
Dungeon (15/15)            Temple (0/1) D:4            Lair (6/6) D:11
 Shoals (4/4) Lair:4        Snake (4/4) Lair:4        Slime (5/5) Lair:6
    Orc (2/2) D:10            Elf (0/3) Orc:2        Vaults (0/5) D:14
 Depths (5/5) D:15           Hell (visited)             Zot (5/5) Depths:5
 Bailey (visited)         Volcano (visited)
    Dis: Hell:1         Geh: Hell:1         Coc: Hell:1         Tar: Hell:1

Altars:
Cheibriados
Nemelex Xobeh
Okawaru
Sif Muna
Xom
The Shining One

Shops:
D:9 ?   Orc:1 *   Orc:2 *(?}=   Snake:1 !:[   Snake:4 }==

Portals:
Hell: Depths:1 Depths:2 Depths:3 Depths:4 Depths:5
Abyss: Depths:3 Depths:4
Pandemonium: Orc:2 Depths:3 Depths:4
Ziggurat: Depths:1

Annotations:
D:11 3 runed translucent doors, Plog's ghost, journeyman DrCj
Lair:5 3 runed translucent doors, Kugearats's ghost, journeyman DrGl
Shoals:2 Roxanne
Snake:3 3 runed translucent doors, p0werm0de's ghost, adept MiFi
Depths:3 2 runed translucent doors
Hell Geryon


Innate Abilities, Weirdness & Mutations

You reflexively headbutt those who attack you in melee.
You have a pair of horns on your head.
You are clumsy. (Dex -2)
You are very dopey. (Int -4)
You passively map a small area around you.


Message History

The Orb Guardian barely misses you. You block the Orb Guardian's attack.
You block the Orb Guardian's attack.
The Orb Guardian hits you but does no damage.
You block the Orb Guardian's attack. You block the Orb Guardian's attack. x2
You block the Orb Guardian's attack. You block the Orb Guardian's attack.
You closely miss the Orb Guardian. You headbutt the Orb Guardian!
The Orb Guardian hits you!
You barely miss the Orb Guardian. The Orb Guardian hits you!
You closely miss the Orb Guardian. Your headbutt misses the Orb Guardian.
The Orb Guardian hits you but does no damage.
You slice the Orb Guardian!! You block the Orb Guardian's attack.
You slash the Orb Guardian!
The Orb Guardian hits you but does no damage.
You hit the Orb Guardian but do no damage.
You headbutt the Orb Guardian. You block the Orb Guardian's attack.
You closely miss the Orb Guardian. The Orb Guardian barely misses you.
You furiously retaliate!
You headbutt the Orb Guardian! You closely miss the Orb Guardian.
You block the Orb Guardian's attack.
You chop the Orb Guardian into pieces!!!
You kill the Orb Guardian!
Trog accepts your kill.
No target in view!
There is an open door here.
There is a dry fountain here.
A hell beast comes into view.
The hell beast gives a loud, deep croak!
The hell beast moves out of view.
An Orb Guardian comes into view.
You block the hell beast's attack. The hell beast barely misses you.
There is a staircase leading out of the dungeon here.
You hit the Orb Guardian. You headbutt the Orb Guardian!
You cut the hell beast into ribbons!!! You block the hell beast's attack. x2
You block the Orb Guardian's attack.
You slash the hell beast! Your headbutt misses the hell beast.
You slice the Orb Guardian!! You block the hell beast's attack. x2
The Orb Guardian hits you but does no damage.
You hit the Orb Guardian. You headbutt the Orb Guardian.
You slice the hell beast!!
You kill the hell beast!
Trog accepts your kill. You block the Orb Guardian's attack.
You closely miss the Orb Guardian. You block the Orb Guardian's attack.
You slash the Orb Guardian!
You kill the Orb Guardian!
Trog accepts your kill.
Your life force feels restored.
You have escaped!

###......................### #
##....#.####.####.####.##...###
#..###...##...##...##...###..##
#.## #.⌠.##.⌠.##^⌠.##.⌠.# ##.#.
#.####...##...##...##...####.#.
#...###.####.####.####.###...#.
#.⌠.###.####.####.####.###.⌠.#.
#............................#.
##.##.........@..........##.##.
#............................#.
#.⌠.###.####.####.####.###.⌠.#.
#...###.####.####.####.###...#.
#.####...##...##...##...####.#.
#.## #.⌠.##.⌠.##.⌠.##.⌠.# ##.#.
#..###...##...##...##...###..#.
##...##.####.####.####.##...##.
###......................####.


There were no monsters in sight!

Vanquished Creatures
  the Royal Jelly (Slime:5)
  2 pandemonium lords
  3 ancient liches (Zot:5)
  5 orbs of fire (Zot:5)
  Vashnia (Snake:3)
  4 Killer Klowns (Zot:5)
  2 curse toes
  3 caustic shrikes
  7 golden dragons
  A bone dragon (Depths:5)
  A Tzitzimitl (Zot:1)
  Jorgrun (Snake:2)
  11 tentacled monstrosities
  Rupert (Lair:4)
  4 electric golems
  A Hell Sentinel (D:15)
  A lich (Depths:4)
  26 Orb Guardians
  A kraken (Shoals:4)
  3 titans
  Asterion (Snake:1)
  19 acid blobs
  2 sphinxes
  6 quicksilver dragons
  An Executioner (Zot:2)
  6 death cobs
  2 tengu reavers
  9 shadow dragons
  3 storm dragons (Zot:3)
  5 nagarajas
  A warmonger (D:13)
  11 fire giants
  Kirke (D:13)
  7 draconian monks
  Aizul (Snake:1)
  An iron dragon (Depths:5)
  13 azure jellies
  10 frost giants
  5 orc warlords (Depths:3)
  3 balrugs
  2 ghost moths
  5 draconian scorchers
  5 draconian knights
  A draconian annihilator (Depths:5)
  A draconian stormcaller (Zot:5)
  3 spriggan defenders
  10 draconian shifters
  A reaper (D:13)
  15 very ugly things
  A corrupter (D:15)
  6 vampire knights
  2 entropy weavers (Lair:6)
  20 stone giants
  A black sun (D:13)
  9 green draconians
  5 purple draconians
  5 dire elephants (Lair:6)
  13 spark wasps
  3 white draconians
  6 black draconians
  Azrael (D:14)
  11 red draconians
  8 yellow draconians
  2 merfolk javelineers
  2 blizzard demons
  10 death oozes (Slime:5)
  13 ettins
  6 merfolk impalers
  6 yaktaur captains
  5 jiangshi (Depths:5)
  10 fire dragons
  2 hell beasts
  9 great orbs of eyes
  10 naga warriors
  8 vault guards (D:14)
  Fannar (D:11)
  6 hydras
  4 spriggan air magi
  7 ice dragons
  5 centaur warriors
  5 anacondas
  5 merfolk aquamancers (Shoals:4)
  4 rakshasas
  3 merfolk avatars (Shoals:4)
  A queen ant (Lair:6)
  3 ogre magi
  21 two-headed ogres
  5 tengu warriors
  3 satyrs (Shoals:4)
  10 deep troll shamans
  4 deep troll earth magi
  6 vampire magi
  9 spriggan berserkers
  6 death yaks (Lair:6)
  Urug (Lair:4)
  9 sun demons
  3 shock serpents
  6 orc high priests (Orc:2)
  4 spriggans (Depths:5)
  A deep elf knight (D:15)
  13 hell knights
  15 naga sharpshooters
  3 soul eaters
  A sixfirhy (Depths:3)
  3 skeletal warriors (D:15)
  12 sea snakes
  7 iron trolls
  A salamander mystic (Snake:4)
  3 gelid demonspawn
  2 wizards
  A flayed ghost (Depths:4)
  2 naga ritualists
  30 deep trolls
  3 unseen horrors
  An infernal demonspawn (Orc:2)
  A lindwurm (Lair:3)
  4 necromancers
  15 mana vipers
  10 orc knights
  A wolf spider (shapeshifter) (Depths:5)
  8 cyclopes
  37 ugly things
  9 manticores
  A deep elf mage (D:15)
  A cyclops (shapeshifter) (Depths:4)
  A shining eye (Slime:1)
  5 orc sorcerers (Orc:2)
  9 salamanders
  7 fauns (Shoals:4)
  18 moths of wrath
  5 elephants
  2 guardian serpents (Snake:4)
  2 smoke demons (Orc:2)
  An eye of devastation (Slime:5)
  2 merfolk sirens
  Maurice (Orc:2)
  17 naga magi
  3 water nymphs
  A molten gargoyle (Volcano)
  An orange demon (D:15)
  14 cane toads
  24 black mambas
  5 kobold demonologists
  3 gargoyles (Volcano)
  A hellion (Depths:5)
  5 spectral swamp worms (Depths:4)
  A rime drake (Lair:1)
  7 komodo dragons
  11 yaktaurs
  5 efreet
  6 ice devils
  A yaktaur (shapeshifter) (Depths:3)
  A tengu conjurer (Depths:2)
  4 hellwings
  A red devil (Depths:3)
  A queen bee (Lair:4)
  2 polar bears (Lair:6)
  14 trolls
  A wind drake (shapeshifter) (Depths:4)
  A troll (shapeshifter) (Depths:4)
  2 yaktaur skeletons (Depths:1)
  5 meliai
  15 merfolk
  5 wind drakes
  4 hornets (Depths:5)
  4 snapping turtles
  11 dream sheep
  A large abomination (D:3)
  70 slime creatures
  17 hippogriffs
  A spriggan zombie (Depths:1)
  2 vampires
  A ynoxinul (Depths:1)
  A shadow (D:11)
  10 water elementals
  36 yaks
  6 wyverns
  A fire bat (shapeshifter) (Depths:4)
  2 wraiths (D:14)
  6 fire bats (Volcano)
  5 fire elementals
  5 basilisks
  A chaos spawn (Depths:3)
  A human (D:13)
  A steam dragon (D:7)
  4 vampire mosquitoes (Lair:4)
  A warg (Orc:1)
  9 soldier ants (Lair:6)
  55 nagas
  2 insubstantial wisps (Lair:4)
  An acid dragon (D:15)
  A floating eye (Depths:2)
  9 water moccasins
  5 hell hounds (D:14)
  3 porcupines
  A small abomination (Zot:3)
  Duvessa (D:7)
  32 orc warriors
  5 ice beasts
  4 sky beasts
  2 black bears
  3 eyes of draining
  5 phantoms
  13 centaurs
  7 wolves
  2 necrophages
  22 ogres
  9 crocodiles
  2 big kobolds
  Blork the orc (D:6)
  22 bullfrogs
  2 earth elementals (Volcano)
  A wyvern zombie (D:9)
  Dowan (D:7)
  6 scorpions
  25 killer bees
  A water moccasin skeleton (D:5)
  2 vampire bats (Lair:2)
  5 wights
  2 howler monkeys (D:13)
  2 electric eels (D:9)
  7 crimson imps
  A bullfrog zombie (D:8)
  2 centaur zombies
  2 quasits
  5 lava snakes (Volcano)
  A gnoll shaman (Orc:1)
  3 centaur skeletons
  6 hounds
  6 jellies
  Crazy Yiuf (D:6)
  26 orc wizards
  2 bullfrog skeletons
  28 orc priests
  An iron imp (Depths:3)
  3 iguanas
  29 worker ants
  18 hell rats
  2 hound zombies
  A howler monkey zombie (D:8)
  16 gnolls
  17 adders
  10 river rats (Lair:2)
  2 shadow imps
  12 white imps
  An ufetubus (D:10)
  6 oozes
  An adder skeleton (D:9)
  An adder zombie (D:5)
  2 worms (D:3)
  3 dart slugs
  5 leopard geckos
  89 orcs
  A ball python (D:3)
  13 bats
  5 giant cockroaches
  28 hobgoblins
  6 jackals
  2 quokkas (D:4)
  6 frilled lizards
  34 goblins
  A jackal skeleton (D:4)
  12 kobolds
  A quokka skeleton (D:5)
  9 rats
  A bush (D:15)
  4 tentacles (Shoals:4)
1815 creatures vanquished.

Vanquished Creatures (collateral kills)
  An ancient lich (Zot:5)
  2 caustic shrikes (Depths:5)
  An Orb Guardian (Zot:5)
  3 acid blobs (Slime:5)
  An azure jelly (Slime:5)
  A nagaraja (Snake:4)
  A dire elephant (Lair:6)
  2 ettins (Zot:1)
  A merfolk impaler (Shoals:4)
  2 hydras
  3 merfolk avatars
  4 death yaks (Lair:6)
  Sonja (Lair:3)
  An iron troll (Zot:1)
  A glowing orange brain (Slime:5)
  2 deep trolls (Zot:1)
  A meliai (Lair:4)
  2 merfolk (Shoals:2)
  A snapping turtle (Shoals:2)
  A soldier ant (Lair:6)
  An eye of draining (Slime:5)
  2 ogres (Zot:1)
  4 killer bees (Lair:4)
  A worker ant (Lair:6)
40 creatures vanquished.

Vanquished Creatures (others)
  An eldritch tentacle (Depths:5)
  2 nagarajas
  A green death (Depths:1)
  A shadow demon (D:15)
  A naga mage (Snake:4)
  A smoke demon (Depths:1)
  A hippogriff (Lair:6)
  A human (D:13)
  A naga (Snake:4)
  A crocodile (Lair:6)
  An orc priest (Orc:2)
  34 fungi
  168 plants
  4 tentacles (Shoals:4)
218 creatures vanquished.

Grand Total: 2073 creatures vanquished

Notes
Turn   | Place    | Note
-------+----------+-------------------------------------------
     0 | D:1      | Apogee the Minotaur Berserker began the quest for the Orb.
     0 | D:1      | Reached XP level 1. HP: 19/19 MP: 0/0
   242 | D:1      | Reached XP level 2. HP: 18/27 MP: 1/1
  1055 | D:2      | Reached XP level 3. HP: 33/33 MP: 2/2
  1140 | D:2      | Reached ** piety under Trog
  1411 | D:3      | Reached skill level 5 in Axes
  1411 | D:3      | Reached XP level 4. HP: 32/41 MP: 3/3
  1846 | D:3      | Found a faded altar of an unknown god.
  1996 | D:4      | Found a staircase to the Ecumenical Temple.
  2069 | D:4      | Reached XP level 5. HP: 46/47 MP: 4/4
  2225 | D:4      | Found a shimmering blue altar of Sif Muna.
  2264 | D:4      | Reached *** piety under Trog
  2264 | D:4      | Reached skill level 5 in Fighting
  2271 | D:4      | Reached XP level 6. HP: 45/56 MP: 5/5
  2826 | D:5      | Entered Level 5 of the Dungeon
  2847 | D:5      | Reached skill level 5 in Armour
  2847 | D:5      | Reached XP level 7. HP: 42/62 MP: 6/6
  3474 | D:5      | Reached XP level 8. HP: 63/71 MP: 7/7
  3542 | D:5      | Found a sparkling altar of Nemelex Xobeh.
  4546 | D:6      | Reached **** piety under Trog
  4627 | D:6      | Found a runed translucent door.
  4628 | D:6      | Noticed Crazy Yiuf
  4673 | D:6      | Noticed Blork the orc
  4688 | D:6      | Killed Blork the orc
  4688 | D:6      | Reached skill level 10 in Axes
  4965 | D:6      | Got a shimmering copper amulet
  5038 | D:6      | Reached ***** piety under Trog
  5311 | D:6      | Identified the amulet of Penaf {Inacc MR+ Str+2} (You found
                  | it on level 6 of the Dungeon)
  5498 | D:7      | Found a flagged portal.
  5500 | D:7      | Noticed Dowan
  5502 | D:7      | Noticed Duvessa
  5513 | D:7      | Killed Duvessa
  5513 | D:7      | Reached XP level 9. HP: 71/81 MP: 8/8
  5515 | D:7      | Killed Dowan
  5606 | Bailey   | Entered a bailey
  5606 | Bailey   | Noticed an orc knight
  6230 | D:7      | Found an iron altar of Okawaru.
  7045 | D:8      | Noticed an unseen horror
  7052 | D:8      | Killed an unseen horror
  7272 | D:8      | Reached XP level 10. HP: 91/91 MP: 9/9
  7292 | D:8      | Received a gift from Trog
  7297 | D:8      | Got a shimmering battleaxe {god gift}
  7305 | D:8      | Identified the +3 battleaxe of Glory {vorpal, Dex+6 Stlth-}
                  | (Trog gifted it to you on level 8 of the Dungeon)
  7948 | D:9      | Got an ancient leather armour
  8066 | D:9      | Found Sisasot's Magic Scroll Boutique.
  8075 | D:9      | Bought a scroll of identify for 22 gold pieces
  8075 | D:9      | Bought a scroll of identify for 22 gold pieces
  8075 | D:9      | Bought a scroll of identify for 22 gold pieces
  8075 | D:9      | Bought a scroll of fear for 38 gold pieces
  8097 | D:9      | Reached skill level 10 in Fighting
  8177 | D:9      | Noticed a five-headed hydra
  8182 | D:9      | Killed a five-headed hydra
  8766 | D:10     | Entered Level 10 of the Dungeon
  8771 | D:10     | Reached skill level 10 in Armour
  8986 | D:10     | Found a staircase to the Orcish Mines.
  9276 | D:10     | Noticed a two-headed ogre
  9281 | D:10     | Killed a two-headed ogre
  9281 | D:10     | Reached skill level 1 in Throwing
  9577 | D:10     | Reached XP level 11. HP: 101/101 MP: 10/10
  9768 | D:11     | Noticed a purple ugly thing
  9773 | D:11     | Killed a purple ugly thing
  9797 | D:11     | Noticed Plog's ghost (journeyman DrCj)
  9801 | D:11     | Found a runed translucent gate.
  9801 | D:11     | Found a runed translucent gate.
  9802 | D:11     | Found a runed translucent gate.
 10026 | D:11     | Noticed a two-headed ogre
 10029 | D:11     | Killed a two-headed ogre
 10109 | D:11     | Found a staircase to the Lair.
 10117 | D:11     | Reached skill level 5 in Dodging
 10273 | D:11     | Noticed Fannar
 10283 | D:11     | Killed Fannar
 10283 | D:11     | Reached skill level 15 in Axes
 10952 | Lair:1   | Entered Level 1 of the Lair of Beasts
 11119 | Lair:1   | Reached XP level 12. HP: 109/111 MP: 11/11
 11464 | Lair:1   | Reached skill level 5 in Throwing
 12080 | Lair:2   | Noticed an eight-headed hydra
 12086 | Lair:2   | Killed an eight-headed hydra
 12959 | Lair:3   | Noticed Sonja
 13150 | Lair:3   | Found a dark tunnel.
 13189 | Volcano  | Entered a volcano
 13474 | Volcano  | Found a radiant altar of Vehumet.
 13491 | Volcano  | Noticed a stone giant
 13642 | Volcano  | Killed a stone giant
 13784 | Volcano  | Received a gift from Trog
 14188 | Lair:3   | Noticed a five-headed hydra
 14199 | Lair:3   | Killed a seven-headed hydra
 14540 | Lair:3   | Killed Sonja
 14810 | Lair:4   | Noticed Rupert
 14817 | Lair:4   | Reached XP level 13. HP: 74/119 MP: 12/12
 14829 | Lair:4   | Killed Rupert
 14990 | Lair:4   | Found a staircase to the Shoals.
 15149 | Lair:4   | Noticed Urug
 15160 | Lair:4   | Killed Urug
 15227 | Lair:4   | Found a staircase to the Snake Pit.
 15869 | Lair:4   | You fall into a shaft and drop 2 floors!
 15869 | Lair:6   | Entered Level 6 of the Lair of Beasts
 16120 | Lair:6   | Noticed an entropy weaver
 16130 | Lair:6   | Killed an entropy weaver
 16185 | Lair:5   | Reached skill level 10 in Dodging
 16294 | Lair:5   | Found a runed translucent gate.
 16310 | Lair:5   | Reached XP level 14. HP: 117/132 MP: 13/13
 16333 | Lair:5   | Found a runed translucent gate.
 16333 | Lair:5   | Found a runed translucent gate.
 16336 | Lair:5   | Noticed Kugearats's ghost (journeyman DrGl)
 16352 | Lair:5   | You fall into a shaft and drop 1 floor!
 16637 | Lair:6   | Noticed an entropy weaver
 16643 | Lair:6   | Killed an entropy weaver
 16739 | Lair:6   | Received a gift from Trog
 17133 | Lair:6   | Found a staircase to the Slime Pits.
 18703 | D:12     | Reached skill level 10 in Throwing
 18704 | D:12     | Reached skill level 15 in Fighting
 19543 | D:13     | Noticed Kirke
 19561 | D:13     | Killed Kirke
 19561 | D:13     | Received a gift from Trog
 19575 | D:13     | Identified a scroll of acquirement
 19576 | D:13     | Acquired a scarf of resistance
 19581 | D:13     | Got a buzzing executioner's axe {god gift}
 19582 | D:13     | Identified the +9 executioner's axe of the Foremost
                  | Ziggurats {antimagic, rElec MR+ Str-5} (Trog gifted it to
                  | you on level 13 of the Dungeon)
 19748 | D:13     | Found a glowing golden altar of the Shining One.
 19875 | D:13     | Found a shimmering altar of Xom.
 19963 | D:14     | Noticed Azrael
 19966 | D:14     | Found a sparkling altar of Nemelex Xobeh.
 19975 | D:14     | Killed Azrael
 20162 | D:14     | Found a shimmering altar of Xom.
 20283 | D:14     | Reached XP level 15. HP: 144/144 MP: 14/14
 20377 | D:14     | Found a gate to the Vaults.
 20706 | D:15     | Entered Level 15 of the Dungeon
 20872 | D:15     | Found a snail-covered altar of Cheibriados.
 20916 | D:15     | Received a gift from Trog
 20989 | D:15     | Found a staircase to the Depths.
 21259 | D:15     | Reached skill level 15 in Armour
 21884 | Orc:1    | Entered Level 1 of the Orcish Mines
 21895 | Orc:1    | Received a gift from Trog
 22449 | Orc:2    | Entered Level 2 of the Orcish Mines
 22540 | Orc:2    | Reached skill level 1 in Shields
 22541 | Orc:2    | Found Las Simo's General Store.
 22561 | Orc:2    | Found Ceqoxze's Magic Scroll Shoppe.
 22907 | Orc:2    | Found a staircase to the Elven Halls.
 22941 | Orc:2    | Reached ****** piety under Trog
 22942 | Orc:2    | Received a gift from Trog
 23013 | Orc:2    | Found Faeruyt's Jewellery Shop.
 23021 | Orc:2    | Bought the amulet "Huabune" {Reflect rElec SH+5} for 572
                  | gold pieces
 23235 | Orc:2    | Noticed Maurice
 23245 | Orc:2    | Killed Maurice
 23402 | Orc:2    | Reached XP level 16. HP: 116/157 MP: 15/15
 23463 | Orc:2    | Reached skill level 5 in Shields
 23802 | Orc:2    | Found Udwu's Gadget Boutique.
 23802 | Orc:2    | Found Feaneo's Antique Weapon Shop.
 23802 | Orc:2    | Found a one-way gate leading to the halls of Pandemonium.
 23864 | Orc:1    | Found Zeotsoq's Mayhem Merchandise.
 23890 | Orc:1    | Received a gift from Trog
 24477 | Shoals:1 | Entered Level 1 of the Shoals
 24669 | Shoals:2 | Noticed Roxanne
 25135 | Shoals:4 | Entered Level 4 of the Shoals
 25135 | Shoals:4 | Noticed a kraken
 25593 | Shoals:4 | Killed a kraken
 27867 | Shoals:4 | Got a pitted ivory ring
 27869 | Shoals:4 | Identified the ring "Romoosa" {rN+ AC+4 Int+4 Slay+4} (You
                  | found it on level 4 of the Shoals)
 28032 | Shoals:4 | Found the +8 Wrath of Trog {antimagic, *Rage}
 28185 | Shoals:4 | Reached skill level 10 in Shields
 28737 | Shoals:4 | Reached XP level 17. HP: 162/166 MP: 16/16
 29081 | Shoals:4 | Got a barnacled rune of Zot
 29175 | Shoals:1 | Received a gift from Trog
 29242 | Snake:1  | Entered Level 1 of the Snake Pit
 29440 | Orc:2    | Bought an uncursed ring of poison resistance for 260 gold
                  | pieces
 29678 | Snake:1  | Noticed Aizul
 29705 | Snake:1  | Killed Aizul
 30115 | Snake:1  | Noticed Asterion
 30123 | Snake:1  | Killed Asterion
 30488 | Snake:1  | Found Haur's Distillery.
 30490 | Snake:1  | Found Yzxinast's Book Boutique.
 30492 | Snake:1  | Found Faelocas's Armour Shop.
 30496 | Snake:1  | Bought a potion of heal wounds for 70 gold pieces
 32016 | Snake:2  | Noticed Jorgrun
 32030 | Snake:2  | Killed Jorgrun
 32411 | Snake:3  | Noticed Vashnia
 32440 | Snake:3  | Killed Vashnia
 32905 | Snake:3  | Noticed p0werm0de's ghost (adept MiFi)
 32991 | Snake:3  | Found a runed translucent gate.
 32991 | Snake:3  | Found a runed translucent gate.
 32991 | Snake:3  | Found a runed translucent gate.
 33309 | Snake:3  | Identified the ring of Uskayaw's Regard {+Inv rF- MR+ Dex+6
                  | SInv}
 33544 | Snake:4  | Entered Level 4 of the Snake Pit
 33546 | Snake:4  | Found Qosmiq's Jewellery Emporium.
 33549 | Snake:4  | Found Dudu's Gadget Shop.
 33550 | Snake:4  | Found Yfyror's Jewellery Emporium.
 33700 | Snake:4  | Received a gift from Trog
 33708 | Snake:4  | Reached XP level 18. HP: 178/178 MP: 17/17
 34066 | Snake:4  | Reached skill level 15 in Shields
 34233 | Snake:4  | Got a serpentine rune of Zot
 35106 | Slime:1  | Entered Level 1 of the Pits of Slime
 35109 | Slime:1  | Received a gift from Trog
 35387 | Slime:1  | Gained mutation: You are occasionally teleported next to
                  | monsters. [a shining eye]
 35392 | Slime:1  | Gained mutation: You tend to lose your temper in combat. [a
                  | shining eye]
 35394 | Slime:1  | Lost mutation: You are occasionally teleported next to
                  | monsters. [potion of mutation]
 35394 | Slime:1  | Lost mutation: You tend to lose your temper in combat.
                  | [potion of mutation]
 35394 | Slime:1  | Gained mutation: You evolve. [potion of mutation]
 35394 | Slime:1  | Gained mutation: You have sharp toenails. [potion of
                  | mutation]
 35394 | Slime:1  | Gained mutation: You are resistant to hostile enchantments.
                  | (MR+) [potion of mutation]
 36051 | Orc:2    | Bought an uncursed ring of resist corrosion for 260 gold
                  | pieces
 36317 | Slime:5  | Entered Level 5 of the Pits of Slime
 37013 | Slime:5  | Received a gift from Trog
 37624 | Slime:4  | Gained mutation: Scrolls take you a little longer to read.
                  | [evolution]
 37901 | Slime:5  | Lost mutation: You have sharp toenails. [potion of
                  | mutation]
 37901 | Slime:5  | Lost mutation: You are resistant to hostile enchantments.
                  | (MR+) [potion of mutation]
 37901 | Slime:5  | Lost mutation: Scrolls take you a little longer to read.
                  | [potion of mutation]
 37901 | Slime:5  | Gained mutation: You passively map a small area around you.
                  | [potion of mutation]
 37901 | Slime:5  | Gained mutation: You are frail. (-10% HP) [potion of
                  | mutation]
 37901 | Slime:5  | Lost mutation: You are frail. (-10% HP) [potion of
                  | mutation]
 38913 | Slime:5  | Reached XP level 19. HP: 66/185 MP: 18/18
 39444 | Slime:5  | Paralysed by a great orb of eyes for 2 turns
 39466 | Slime:5  | Noticed the Royal Jelly
 39476 | Slime:5  | Killed the Royal Jelly
 40669 | Slime:5  | Got a slimy rune of Zot
 40692 | Slime:5  | Identified the Volume of Flamy Summoning
 40702 | Slime:5  | Got an ancient ring mail
 40888 | Slime:5  | Got a pitted wooden ring
 40889 | Slime:5  | Identified Licabb's Compendium of Fiery Translocation
 41250 | Depths:1 | Entered Level 1 of the Depths
 42238 | Depths:1 | Found a gateway to Hell.
 42264 | Depths:1 | Found a gateway to a ziggurat.
 42285 | Depths:1 | Received a gift from Trog
 43064 | Depths:1 | Lost mutation: You evolve. [evolution]
 43902 | Depths:2 | Identified the ring of Doors {rElec MR+ Int+3 Stlth-} (You
                  | found it on level 5 of the Pits of Slime)
 44083 | Depths:2 | Reached XP level 20. HP: 174/193 MP: 19/19
 44368 | Depths:2 | Got a fine war axe
 44672 | Hell     | Entered the Vestibule of Hell
 44709 | Depths:3 | Received a gift from Trog
 45867 | Depths:3 | Received a gift from Trog
 46022 | Depths:3 | Found a one-way gate to the infinite horrors of the Abyss.
 46421 | Depths:3 | Found a runed translucent door.
 46422 | Depths:3 | Noticed an ancient lich
 46465 | Depths:3 | Found a runed translucent door.
 46708 | Hell     | Noticed Geryon
 46893 | Depths:4 | Reached XP level 21. HP: 137/204 MP: 20/20
 48055 | Depths:4 | Noticed a caustic shrike
 48063 | Depths:4 | Killed a caustic shrike
 48074 | Depths:4 | Noticed a golden dragon
 48086 | Depths:4 | Killed a golden dragon
 48388 | Depths:4 | Identified the +5 war axe of Summer {venom, +Fly Int+2}
                  | (You found it on level 2 of the Depths)
 48396 | Depths:4 | Got an ancient arbalest
 48398 | Depths:4 | Got a masterwork hand axe
 48509 | Depths:5 | Entered Level 5 of the Depths
 48532 | Depths:5 | Received a gift from Trog
 49160 | Depths:5 | Noticed a caustic shrike
 49163 | Depths:5 | Noticed a caustic shrike
 49164 | Depths:5 | Noticed a caustic shrike
 49170 | Depths:5 | Killed a caustic shrike
 49172 | Depths:5 | Killed a caustic shrike
 49176 | Depths:5 | Killed a caustic shrike
 49332 | Depths:5 | Noticed a golden dragon
 49342 | Depths:5 | Found a gate to the Realm of Zot.
 49349 | Depths:5 | Killed a golden dragon
 49729 | Depths:5 | Received a gift from Trog
 49729 | Depths:5 | Reached XP level 22. HP: 215/215 MP: 21/21
 49754 | Depths:5 | Got a smoking trident {god gift}
 50212 | Depths:4 | Noticed a golden dragon
 50226 | Depths:4 | Killed a golden dragon
 51387 | Zot:1    | Entered Level 1 of the Realm of Zot
 51666 | Zot:1    | Received a gift from Trog
 51690 | Zot:1    | Reached skill level 15 in Dodging
 52964 | Zot:1    | Got a smoking short sword {god gift}
 53240 | Zot:2    | Reached XP level 23. HP: 181/226 MP: 22/22
 54107 | Zot:2    | Identified the +6 war axe of Nemelex Xobeh's Esteem {drain,
                  | MR++}
 55315 | Zot:4    | Noticed a curse toe
 55412 | Zot:5    | Entered Level 5 of the Realm of Zot
 55474 | Zot:5    | Noticed a curse toe
 55487 | Zot:5    | Killed a curse toe
 55487 | Zot:5    | Received a gift from Trog
 56194 | Zot:5    | Noticed an ancient lich
 56460 | Zot:5    | Noticed an orb of fire
 56461 | Zot:5    | Noticed an ancient lich
 56461 | Zot:5    | Noticed an orb of fire
 56464 | Zot:5    | Noticed an orb of fire
 56465 | Zot:5    | Gained mutation: You are clumsy. (Dex -2) [an orb of fire]
 56466 | Zot:5    | Noticed an orb of fire
 56469 | Zot:5    | Noticed a Killer Klown
 56471 | Zot:5    | Noticed a Killer Klown
 56472 | Zot:5    | Noticed an ancient lich
 56473 | Zot:5    | Noticed a Killer Klown
 56485 | Zot:5    | Killed an orb of fire
 56485 | Zot:5    | Reached XP level 24. HP: 238/238 MP: 22/22
 56489 | Zot:5    | Noticed an ancient lich
 56490 | Zot:5    | Killed an orb of fire
 56500 | Zot:5    | Killed an orb of fire
 56511 | Zot:5    | Gained mutation: You are dopey. (Int -2) [an orb of fire]
 56513 | Zot:5    | Killed an orb of fire
 56524 | Zot:5    | Killed an ancient lich
 57401 | Zot:5    | Killed an ancient lich
 57408 | Zot:5    | Killed an ancient lich
 57414 | Zot:5    | Killed an ancient lich
 57415 | Zot:5    | Killed a Killer Klown
 57807 | Zot:5    | Killed a Killer Klown
 57824 | Zot:5    | Killed a Killer Klown
 57909 | Zot:5    | Noticed a Killer Klown
 57910 | Zot:5    | Received a gift from Trog
 57915 | Zot:5    | Noticed a Killer Klown
 57922 | Zot:5    | Noticed a Killer Klown
 57924 | Zot:5    | Noticed a Killer Klown
 58596 | Zot:5    | a Killer Klown changed into a caustic shrike
 58624 | Zot:5    | Killed a Killer Klown
 58624 | Zot:5    | Reached XP level 25. HP: 219/250 MP: 22/22
 58645 | Zot:5    | a Killer Klown changed into a titan
 58685 | Zot:5    | Noticed an orb of fire
 58769 | Zot:5    | Gained mutation: You are very dopey. (Int -4) [an orb of
                  | fire]
 58793 | Zot:5    | Killed an orb of fire
 58912 | Zot:5    | Got the Orb of Zot
 58923 | Zot:5    | Noticed Fuboluka the pandemonium lord
 58992 | Zot:3    | Noticed Ziggotom the pandemonium lord
 59013 | Zot:3    | Killed Ziggotom the pandemonium lord
 59142 | Zot:1    | Noticed Kaiwn the pandemonium lord
 59284 | Depths:1 | Noticed Otesm the pandemonium lord
 59397 | D:14     | Reached skill level 15 in Throwing
 59481 | D:12     | Noticed Yrrifair the pandemonium lord
 59511 | D:12     | Noticed Omuplydi the pandemonium lord
 59536 | D:11     | Killed Yrrifair the pandemonium lord
 59775 | D:6      | Killed Crazy Yiuf
 59939 | D:$      | Escaped with the Orb!

Illustrated notes

Levels and vault maps discovered:
D:1:      dpeg_arrival_chambers_temple_mockup, layout_basic,
          minmay_misc_feat_tiny
D:2:      layout_rooms, kennysheep_generic_room_16
D:3:      layout_basic, chequers_ecumenical_altar_simple_redux
D:4:      layout_loops_cross, temple_pool_b, eino_tiny_chamber,
          hangedman_abyss_or_decor_passed, lemuel_tele_altar
D:5:      layout_basic, nemelex_altar_shiori, chequers_decorated_corner,
          nrook_mini_vaults
D:6:      minmay_goblin_kobold_castle, layout_rooms, uniq_blork_the_orc,
          uniq_crazy_yiuf_cottage
D:7:      layout_loops_corners, nicolae_ossuary_entry_plus, enter_bailey_2,
          okawaru_ov_weapons_minmay, uniq_duvessa
D:8:      kennysheep_ambush_hall, layout_rooms
D:9:      kennysheep_blocky_room, layout_long_grid, serial_bayou,
          serial_bayou_pond_e, serial_bayou_lagoon_a, serial_bayou_crossing,
          serial_bayou_pond_a, serial_shops, shop,
          eino_small_chamber_without_monster
D:10:     layout_irregular_city, orc_0_dummy,
          hangedman_abyss_or_decor_jellyfish_corner
D:11:     layout_loops_ring, david_lair_generic, ebering_ghost_rock_garden,
          uniq_fannar
D:12:     layout_irregular_city
D:13:     layout_rooms, basic_altar, xom_teletrap_fun, uniq_kirke
D:14:     layout_loops_cross, erik_vaults_2, basic_altar, old_standard_altar,
          minmay_circle_x, uniq_azrael
D:15:     hangedman_depths_entry_civil_slaughter, layout_irregular_city,
          serial_park_square2
Lair:1:   layout_loops_ring, grunt_megastairs_2
Lair:2:   layout_loops_ring, roderic_batcave, kennysheep_rathole,
          lemuel_fruit_tree
Lair:3:   layout_roguey, nicolae_volcano_entry_vermiform, uniq_sonja
Lair:4:   layout_roguey [special_room_bee], minmay_shoals_entry_lonely_mermaid,
          dummy_snake_entry, minivault_19, pond, uniq_rupert, uniq_urug
Lair:5:   layout_layer_cave, gammafunk_ghost_split,
          grunt_forest_small_clearings, serial_bayou_pond_d,
          beast_lair_carwin_11
Lair:6:   due_jungle_book, layout_small_grid, nicolae_slime_entry_slimehenge,
          hangedman_lair_unloving_vines, serial_bayou_pond_c,
          minmay_another_anthill
Shoals:1: layout_shoals
Shoals:2: layout_shoals, ebering_ghost_rock_garden, uniq_roxanne
Shoals:3: layout_shoals, regret_index_shoals_crete
Shoals:4: shoals_end_grunt_ice, layout_shoals
Snake:1:  layout_chambers, st_stairs_13, minmay_shop_star, uniq_asterion,
          uniq_aizul
Snake:2:  layout_honeycomb, uniq_jorgrun
Snake:3:  layout_basic, serial_curves, eino_curves_04, eino_curves_02,
          gammafunk_ghost_split, uniq_vashnia
Snake:4:  minmay_snake_end_coiled, layout_misc_corridors,
          nicolae_snake_squiggles, minmay_shop_grove
Slime:1:  layout_caves
Slime:2:  layout_caves
Slime:3:  layout_caves, basic_altar, cheibrodos_slime_lost_civilization_7
Slime:4:  layout_caves, basic_altar, nicolae_slime_barrier
Slime:5
Orc:1:    layout_caves, minmay_shop_mayhem
Orc:2:    pf_orc_diabolical, layout_diamond_mine, serial_shops,
          nicolae_shop_statue_plus, uniq_maurice
Depths:1: layout_gridville, enter_ziggurat_e, minmay_stone_trees_small,
          hell_entry, minmay_fire_ice_demons
Depths:2: minmay_the_grid_four_pointed_star_mashed
          [minmay_the_grid_triangle_9x9_pentomino_pain,
          minmay_the_grid_triangle_9x9_corrupted_corridor,
          minmay_the_grid_triangle_9x9_longest,
          minmay_the_grid_triangle_9x9_wacky_v,
          minmay_the_grid_prize_four_corners_diamond_b], layout_cave_shapes,
          hell_entry, minmay_misc_feat_hallway, serial_bayou_pond_a,
          serial_bayou_shore_a
Depths:3: cheibrodos_witchhunters_guild, layout_gridlike,
          chequers_serial_rivers_small_a, abyss_entry, rand_demon_pan_entry_5,
          grunt_hell_entry_dis_grunt
Depths:4: minmay_nested_s, layout_cave_shapes, pan_entry,
          hangedman_abyss_entry_splay, pf_hell_entry_tar_river,
          hangedman_decor_growths, minmay_staircase_bubble
Depths:5: grunt_x_marks_the_spot, layout_basic, hangedman_coc_ice_floe,
          nicolae_wwwww, serial_bayou_shore_b
Hell
Zot:1:    lemuel_halls_of_wrath, layout_basic, st_stairs_8
Zot:2:    layout_cathedral_of_symmetry
Zot:3:    layout_misc_corridors
Zot:4:    layout_onion_interference
Zot:5:    layout_misc_corridors

Skill      XL: |  1  2  3  4  5  6  7  8  9 10 11 12 13 14 15 16 17 18 19 20 21 22 23 24 25 |
---------------+----------------------------------------------------------------------------+-----
Axes           | 4 5 6 7 8 10 12 14 15 16 18 | 18.0
Fighting       | 4 5 6 7 9 10 11 12 14 16 17 18 19 20 21 22 23 24 25 | 25.9
Armour         | 3 4 5 6 7 9 10 13 15 16 17 19 20 | 20.0
Dodging        | 3 6 8 10 12 14 15 17 19 | 19.7
Throwing       | 1 4 6 8 10 12 14 15 | 15.2
Shields        | 4 10 14 17 20 21 23 25 | 25.0

Action                   |  1- 3 |  4- 6 |  7- 9 | 10-12 | 13-15 | 16-18 | 19-21 | 22-24 | 25-27 || total
-------------------------+-------+-------+-------+-------+-------+-------+-------+-------+-------++-------
Melee: Hand axe          |    87 |   104 |   375 |     8 |       |       |       |       |       ||   574
       Headbutt          |    11 |    18 |    82 |   102 |   247 |   243 |   333 |   319 |    56 ||  1411
       Battleaxe         |       |       |       |   399 |   820 |       |       |       |       ||  1219
       Executioner's axe |       |       |       |       |     3 |       |       |       |       ||     3
       Broad axe         |       |       |       |       |   163 |  1078 |  1137 |  1123 |   225 ||  3726
Throw: Javelin           |       |       |       |    10 |    13 |    19 |     4 |       |       ||    46
Invok: Brothers in Arms  |       |       |       |     6 |     3 |     8 |     7 |     4 |       ||    28
       Berserk           |       |       |       |     1 |     4 |     9 |     4 |     8 |     3 ||    29
       Trog's Hand       |       |       |       |       |       |     1 |     1 |     1 |       ||     3
Evoke: Wand              |       |       |       |       |       |       |     3 |       |     2 ||     5
       Condenser vane    |       |       |       |       |       |       |     2 |       |       ||     2
       Phantom mirror    |       |       |       |       |       |       |       |     1 |       ||     1
  Use: Scroll            |       |       |    12 |     6 |    12 |    11 |     4 |     7 |     9 ||    61
       Potion            |       |       |       |     1 |       |     3 |     3 |     5 |     2 ||    14
 Stab: Confused          |       |       |       |       |       |       |     2 |       |       ||     2
       Distracted        |       |       |       |       |       |       |     1 |       |       ||     1
Armor: Plate armour      |    68 |    65 |   233 |   242 |   426 |   377 |   262 |    22 |       ||  1695
       Animal skin       |     1 |       |       |       |       |       |       |       |       ||     1
       Gold dragon scale |       |       |       |       |       |       |       |   287 |    61 ||   348
Dodge: Dodged            |    38 |    31 |   131 |   206 |   706 |   234 |   176 |   222 |    31 ||  1775
Block: Tower shield      |       |       |       |       |   105 |  1287 |  1127 |  1188 |   218 ||  3925
       Reflection        |       |       |       |       |     2 |   175 |    58 |    37 |     4 ||   276

Table legend: (Time is in decaauts)
 A = Elapsed time spent in this place.
 B = Non-inter-level travel time spent in this place.
 C = Inter-level travel time spent in this place.
 D = Time resting spent in this place.
 E = Time spent auto-exploring this place.
 F = Levels seen in this place.
 G = Mean time per level.
                   A        B        C        D        E       F      G
               +--------+--------+--------+--------+--------+-----+--------+
         Total |  59265 |  55606 |   3659 |  17327 |  27364 |  49 | 1209.5 |
       Dungeon |  15925 |  14456 |   1469 |   1280 |  10350 |  15 | 1061.7 |
          Lair |   7636 |   6840 |    796 |    639 |   5076 |   6 | 1272.7 |
        Shoals |   4798 |   4721 |     77 |   3457 |    306 |   4 | 1199.5 |
     Snake Pit |   5335 |   5172 |    163 |    906 |   3494 |   4 | 1333.8 |
    Slime Pits |   5300 |   5192 |    108 |   4183 |    153 |   5 | 1060.0 |
  Orcish Mines |   2463 |   2057 |    406 |    486 |   1067 |   2 | 1231.5 |
        Depths |   9476 |   8975 |    501 |   2253 |   4922 |   5 | 1895.2 |
          Hell |     26 |     26 |      0 |      0 |      0 |   1 |   26.0 |
           Zot |   7529 |   7392 |    137 |   3665 |   1865 |   5 | 1505.8 |
        Bailey |     11 |     11 |      0 |      0 |      0 |   1 |   11.0 |
       Volcano |    762 |    762 |      0 |    454 |    129 |   1 |  762.0 |
               +--------+--------+--------+--------+--------+-----+--------+

Top non-repeatable levels by time:
Shoals:4: 2646 daAuts
 Slime:4: 2402 daAuts
Depths:4: 2307 daAuts
 Slime:5: 2295 daAuts
Depths:5: 2111 daAuts
Depths:3: 2097 daAuts
   Zot:1: 1849 daAuts
  Lair:6: 1720 daAuts
   Zot:5: 1681 daAuts
   Orc:2: 1626 daAuts
   Zot:2: 1598 daAuts
    D:15: 1589 daAuts
  Lair:4: 1573 daAuts
Depths:1: 1498 daAuts
    D:11: 1491 daAuts
